 Dungeon Crawl Stone Soup version 0.28-a0-938-gbc3f381ebc (webtiles) character file.

Game seed: 2850802957603501531

616 Hipnos the Magician (level 7, -3/38 HPs)
             Began as a Deep Elf Ice Elementalist on Nov 28, 2021.
             Was an Initiate of Vehumet.
             Slain by ThreePoint314's ghost (13 damage)
             ... on level 5 of the Dungeon.
             The game lasted 00:13:29 (5828 turns).

Hipnos the Magician (Deep Elf Ice Elementalist)     Turns: 5828, Time: 00:13:30

Health: -3/38      AC: 10    Str:  5    XL:     7   Next: 21%
Magic:  8/19       EV: 13    Int: 22    God:    Vehumet [......]
Gold:   259        SH:  0    Dex: 15    Spells: 6/20 levels left

rFire   + . .      SeeInvis .   n - +1 flail (protect)
rCold   . . .      Faith    .   (no shield)
rNeg    . . .      Spirit   .   a - +0 robe
rPois   .          Reflect  .   (no helmet)
rElec   .          Harm     .   l - +0 cloak
rCorr   .          Rampage  .   (no gloves)
Will    .....                   (no boots)
Stlth   ++........              (no amulet)
HPRegen 0.12/turn               q - ring of protection from fire
MPRegen 0.16/turn               (no ring)

@: ice-armoured, freezing walls
A: no striking features
a: Renounce Religion


You were on level 5 of the Dungeon.
You worshipped Vehumet.
Vehumet was noncommittal.
You visited 2 branches of the dungeon, and saw 6 of its levels.

You collected 259 gold pieces.

Inventory:

Hand Weapons
 b - a +0 dagger
 e - a +2 dagger of draining
 k - a +2 quarterstaff of chaos
 n - a +1 flail of protection (weapon)
Missiles
 j - 64 arrows
Armour
 a - a +0 robe (worn)
 l - a +0 cloak (worn)
Jewellery
 q - a ring of protection from fire (left hand)
Scrolls
 g - a scroll of magic mapping
 m - 2 scrolls of teleportation
 p - a scroll of enchant armour {unknown}
Potions
 c - a potion of flight {unknown}
 d - a potion of haste {unknown}
 f - a potion of experience {unknown}
 h - a potion of lignification {unknown}
 i - 3 potions of heal wounds
 o - a potion of curing {unknown}


   Skills:
 + Level 1.0 Fighting
 - Level 0.2 Short Blades
 + Level 0.5 Maces & Flails
 + Level 3.1 Dodging
 - Level 2.9 Stealth
 + Level 7.3 Spellcasting
 * Level 1.7 Conjurations
 + Level 6.7 Ice Magic


You had 6 spell levels left.
You knew the following spells:

 Your Spells              Type           Power      Damage    Failure   Level
a - Freeze                Ice            100%       1d11      1%          1
b - Frozen Ramparts       Ice            74%        1d9       1%          3
c - Ozocubu's Armour      Ice            37%        N/A       1%          3
d - Hailstorm             Conj/Ice       26%        3d7       14%         4
e - Teleport Other        Tloc           8%         N/A       24%         3

Your spell library contained the following spells:

 Spells                   Type           Power      Damage    Failure   Level
 Gell's Gravitas          Tloc           8%         N/A       24%         3
 Dispersal                Tloc           4%         N/A       100%        6


Dungeon Overview and Level Annotations

Branches:
Dungeon (5/15)             Temple (1/1) D:4

Altars:
Cheibriados
Fedhas
Gozag
Kikubaaqudgha
Makhleb
Ru
Sif Muna
Trog
Uskayaw
Vehumet
Xom
Yredelemnul
Zin
The Shining One

Shops:
D:3 ::   D:4 **

Annotations:
D:5 ThreePoint314's ghost, novice HOFi


Message History

Confirm with . or Enter, or press ? or * to list all spells.
Casting: Frozen Ramparts (safe; 1% risk of failure)
Press: ? - help, Dir - look around, f - activate The walls around you are covered in ice.
Casting: Frozen Ramparts (safe; 1% risk of failure)
Confirm with . or Enter, or press ? or * to list all spells.
A film of ice covers your body!
You open the gate.
Casting: Ozocubu's Armour (safe; 1% risk of failure)
Confirm with . or Enter, or press ? or * to list all spells.
Aiming: Freeze (safe; 1% risk of failure)
Press: ? - help, Shift-Dir - straight line, f - ThreePoint314's ghost
Aim: ThreePoint314's ghost You freeze ThreePoint314's ghost.
ThreePoint314's ghost is lightly damaged.
Casting: Freeze (safe; 1% risk of failure)
Confirm with . or Enter, or press ? or * to list all spells.
Aiming: Freeze (safe; 1% risk of failure)
Press: ? - help, Shift-Dir - straight line, f/p - ThreePoint314's ghost
Aim: ThreePoint314's ghost (lightly damaged)
You freeze ThreePoint314's ghost.
ThreePoint314's ghost is lightly damaged.
The wall freezes ThreePoint314's ghost.
ThreePoint314's ghost hits you!
Unknown command.
Casting: Freeze (safe; 1% risk of failure)
Confirm with . or Enter, or press ? or * to list all spells.
Aiming: Freeze (safe; 1% risk of failure)
Press: ? - help, Shift-Dir - straight line, f/p - ThreePoint314's ghost
Aim: ThreePoint314's ghost (lightly damaged)
You freeze ThreePoint314's ghost.
ThreePoint314's ghost is lightly damaged.
The frozen ramparts melt away.
ThreePoint314's ghost hits you!
* * * LOW HITPOINT WARNING * * *
Casting: Freeze (safe; 1% risk of failure)
Confirm with . or Enter, or press ? or * to list all spells.
Casting: Frozen Ramparts (safe; 1% risk of failure)
Press: ? - help, Dir - look around, f - activate The walls around you are covered in ice.
The wall freezes ThreePoint314's ghost.
ThreePoint314's ghost hits you!
You die...

.?...## #... ..... #)...#
....####### #....#
...#.....#
#....#######..#(...♣#
#.............'..(..#
#.............'....(#
#..........#..W.♣...#
#..........#.@#...(.#
#.(........#..#(..(.#
##.##.........#######
#.##.........# #.#.#>#.
#.##..................
#.##.........###.#...###
#.##..........##.#.....#
#####.##......)...##.#...#.#
#......+..).......##.#.....


You could see ThreePoint314's ghost.

Vanquished Creatures
  A howler monkey (D:2)
  3 jellies
  A gnoll shaman (D:4)
  Crazy Yiuf (D:3)
  4 hounds
  An iguana (D:4)
  13 gnolls
  2 howler monkey skeletons (D:4)
  5 adders
  A worm (D:4)
  3 dart slugs
  3 orcs (D:3)
  12 ball pythons
  10 endoplasms
  A giant cockroach (D:2)
  8 goblins
  2 hobgoblins
  2 jackals (D:4)
  2 quokkas
  11 bats
  4 frilled lizards
  6 kobolds
  4 rats
100 creatures vanquished.

Vanquished Creatures (others)
  3 plants (D:1)
3 creatures vanquished.

Grand Total: 103 creatures vanquished

Notes
Turn   | Place    | Note
-------+----------+-------------------------------------------
     0 | D:1      | Hipnos the Deep Elf Ice Elementalist began the quest for
                  | the Orb.
     0 | D:1      | Reached XP level 1. HP: 10/10 MP: 6/6
   249 | D:1      | Reached XP level 2. HP: 12/15 MP: 6/8
   826 | D:1      | Reached skill level 5 in Ice Magic
  1058 | D:1      | Reached XP level 3. HP: 19/19 MP: 7/9
  1062 | D:1      | Learned a level 3 spell: Frozen Ramparts
  1066 | D:1      | Learned a level 3 spell: Ozocubu's Armour
  1939 | D:2      | Found an ancient bone altar of Kikubaaqudgha.
  2408 | D:2      | Reached skill level 4 in Spellcasting
  2408 | D:2      | Reached XP level 4. HP: 21/24 MP: 8/12
  2965 | D:3      | Found Keguer's Book Boutique.
  2994 | D:3      | Reached XP level 5. HP: 27/28 MP: 7/14
  3052 | D:3      | Learned a level 4 spell: Hailstorm
  3091 | D:3      | Found Ykuylougef's Book Shoppe.
  3134 | D:3      | Reached skill level 5 in Spellcasting
  3347 | D:3      | Found a runed translucent door.
  3348 | D:3      | Noticed Crazy Yiuf
  3359 | D:3      | Killed Crazy Yiuf
  3788 | D:4      | Reached XP level 6. HP: 25/33 MP: 6/16
  3789 | D:4      | Reached skill level 6 in Spellcasting
  4099 | D:4      | Found Doddeixa's Desiderata Depot.
  4151 | D:4      | Found Gymias's Neck Hole.
  4180 | D:4      | Found a staircase to the Ecumenical Temple.
  4190 | Temple   | Entered the Ecumenical Temple
  4313 | Temple   | Became a worshipper of Vehumet
  4399 | D:4      | Learned a level 3 spell: Teleport Other
  4594 | D:4      | Reached skill level 7 in Spellcasting
  4736 | D:4      | Reached skill level 1 in Conjurations
  4981 | D:4      | HP: 1/33 [gnoll (6)]
  5403 | D:5      | Entered Level 5 of the Dungeon
  5461 | D:5      | Reached XP level 7. HP: 34/37 MP: 15/19
  5713 | D:5      | Reached skill level 1 in Fighting
  5812 | D:5      | Found a runed translucent gate.
  5812 | D:5      | Found a runed translucent gate.
  5814 | D:5      | Found a runed translucent gate.
  5816 | D:5      | Noticed ThreePoint314's ghost (novice HOFi)
  5828 | D:5      | Slain by ThreePoint314's ghost

Illustrated notes

Levels and vault maps discovered:
D:1:      grunt_arrival_crossed_arrows, layout_basic, serial_forest,
          infiniplex_forest_split, infiniplex_forest_clump_medium,
          infiniplex_forest_end_1, infiniplex_forest_pool,
          infiniplex_forest_straight_4, infiniplex_forest_straight_4,
          infiniplex_forest_corner_1
D:2:      layout_basic, basic_altar
D:3:      layout_rooms, serial_shops, shop, shop, corexii_leaking_fountain,
          uniq_crazy_yiuf_cottage
D:4:      layout_loops_cross, minmay_temple_entry_slanted,
          nicolae_alphabet_shops, nicolae_shop_sticking_my_neck_out
D:5:      layout_basic, beargit_hepliaklqana_dungeon_heroes,
          mainiacjoe_overflow_24_doors, ebering_ghost_rock_garden,
          cheibrodos_gnoll_hut
Temple:   dpeg_five_rooms_temple

Skill      XL: |  1  2  3  4  5  6  7 |
---------------+----------------------+-----
Ice Magic      | 5 6 |  6.7
Spellcasting   | 4 5 7 |  7.3
Dodging        | 3 |  3.1
Conjurations   | 1 |  1.7
Fighting       | 1 |  1.0
Short Blades   | |  0.2
Maces & Flails | |  0.5
Stealth        | |  2.9

Action                   |  1- 3 |  4- 6 |  7- 9 || total
-------------------------+-------+-------+-------++-------
Melee: Dagger            |    15 |    11 |       ||    26
       Flail             |       |    31 |     3 ||    34
 Cast: Freeze            |    58 |    39 |     3 ||   100
       Frozen Ramparts   |     2 |    12 |     4 ||    18
       Ozocubu's Armour  |       |     9 |     3 ||    12
       Hailstorm         |       |     1 |       ||     1
  Use: Scroll            |     3 |     2 |       ||     5
Armor: Robe              |     5 |    23 |     3 ||    31
Dodge: Dodged            |    32 |    73 |     2 ||   107

Table legend: (Time is in decaauts)
 A = Elapsed time spent in this place.
 B = Non-inter-level travel time spent in this place.
 C = Inter-level travel time spent in this place.
 D = Time resting spent in this place.
 E = Time spent auto-exploring this place.
 F = Levels seen in this place.
 G = Mean time per level.
                   A        B        C        D        E       F      G
               +--------+--------+--------+--------+--------+-----+--------+
         Total |   5838 |   5628 |    210 |    656 |   4224 |   6 |  973.0 |
       Dungeon |   5638 |   5504 |    134 |    656 |   4114 |   5 | 1127.6 |
        Temple |    199 |    123 |     76 |      0 |    110 |   1 |  199.0 |
               +--------+--------+--------+--------+--------+-----+--------+

Top non-repeatable levels by time:
     D:1: 1635 daAuts
     D:4: 1498 daAuts
     D:2: 1095 daAuts
     D:3: 983 daAuts
     D:5: 425 daAuts
  Temple: 199 daAuts
